 Dungeon Crawl Stone Soup version 0.28.0 (webtiles) character file.

Game seed: 40760017808305144

2607 pkoi the Firebug (level 9, -2/72 HPs)
             Began as a Purple Draconian Fire Elementalist on Feb 7, 2022.
             Slain by Harold (19 damage)
             ... on level 7 of the Dungeon.
             The game lasted 00:11:48 (10173 turns).

pkoi the Firebug (DrFE)                            Turns: 10173, Time: 00:11:49

Health: -2/72      AC: 10    Str: 11    XL:     9   Next: 33%
Magic:  4/16       EV: 14    Int: 20    God:
Gold:   237        SH:  0    Dex: 17    Spells: 7/17 levels left

rFire   + . .      SeeInvis .   p - staff of fire
rCold   . . .      Faith    .   (no shield)
rNeg    . . .      Spirit   .   (armour unavailable)
rPois   .          Reflect  .   t - +1 hat
rElec   .          Harm     .   u - scarf {shadows}
rCorr   .          Rampage  .   h - +1 pair of gloves
Will    +....                   (no boots)
Stlth   ++........              (no amulet)
HPRegen 0.22/turn               f - ring of wizardry
MPRegen 0.15/turn               w - +6 ring of dexterity

@: short of breath
A: breathe power, AC +7, unfitting armour, cold-blooded
a: Breathe Dispelling Energy


You were on level 7 of the Dungeon.
You visited 1 branch of the dungeon, and saw 7 of its levels.

You collected 237 gold pieces.

Inventory:

Hand Weapons
 b - a +0 mace
 g - a +1 short sword of freezing
Armour
 h - a +1 pair of gloves (worn)
 t - a +1 hat (worn)
 u - a scarf of shadows (worn)
Magical Staves
 p - a staff of fire (weapon)
Jewellery
 a - a ring of positive energy
 f - a ring of wizardry (left hand)
 w - a +6 ring of dexterity (right hand)
Wands
 m - a wand of paralysis (6)
 q - a wand of digging (4)
 s - a wand of iceblast (10)
Scrolls
 c - a scroll of fear
 i - a scroll of holy word {unknown}
 j - a scroll of vulnerability
Potions
 d - a potion of invisibility {unknown}
 e - a potion of cancellation
 l - 2 potions of haste {unknown}
 n - 8 potions of curing {unknown}
 o - a potion of heal wounds
 r - 3 potions of degeneration {unknown}
 v - a potion of flight {unknown}
 z - a potion of might {unknown}
 A - 2 potions of attraction {unknown}


   Skills:
 + Level 4.7 Fighting
 + Level 4.3 Staves
 + Level 4.4 Dodging
 - Level 1.7 Stealth
 - Level 4.8 Spellcasting
 + Level 5.6 Conjurations
 + Level 6.4 Fire Magic
 + Level 4.7 Evocations


You had 7 spell levels left.
You knew the following spells:

 Your Spells              Type           Power      Damage    Failure   Level
a - Foxfire               Conj/Fire      100%       2x1d9     1%          1
b - Scorch                Fire           90%        2d10      1%          2
c - Conjure Flame         Conj/Fire      43%        6-21      1%          3
d - Flame Wave            Conj/Fire      43%        2d9       4%          4

Your spell library contained the following spells:

 Spells                   Type           Power      Damage    Failure   Level
 Sandblast                Erth           8%         2d5       4%          1
 Inner Flame              Hex/Fire       26%        N/A       4%          3
 Stone Arrow              Conj/Erth      32%        3d9       4%          3
 Passwall                 Tmut/Erth      3%         N/A       8%          2
 Gell's Gravitas          Tloc           4%         N/A       14%         3
 Lesser Beckoning         Tloc           4%         N/A       14%         3
 Teleport Other           Tloc           4%         N/A       14%         3


Dungeon Overview and Level Annotations

Branches:
Dungeon (7/15)
 Temple: D:4-7

Altars:
Elyvilon
Okawaru
Yredelemnul

Shops:
D:4 *   D:6 *   D:7 [

Annotations:
D:5 2 transporters, BobtheApe's ghost, novice KoBr
D:7 Harold


Innate Abilities, Weirdness & Mutations

You can breathe bolts of dispelling energy.
Your rich purple scales are hard. (AC +7)
You cannot fit into any form of body armour.
You are cold-blooded and may be slowed by cold attacks.


Message History

The foxfire hits Harold.
Harold is severely wounded.
The foxfire hits Harold but does no damage.
Harold is severely wounded.
Harold hits you with a +0 flail!
* * * LOW HITPOINT WARNING * * *
You hit Harold but do no damage. You burn Harold!
Harold is severely wounded.
The foxfire hits Harold but does no damage.
Harold is severely wounded.
The foxfire hits Harold but does no damage.
Harold is severely wounded.
Harold barely misses you.
You hit Harold but do no damage.
Harold is severely wounded.
Harold hits you with a +0 flail!
* * * LOW HITPOINT WARNING * * *
Unknown command.
Casting: Foxfire (safe; 1% risk of failure)
Press: ? - help, Q - select action, (/) - cycle Dir - look around, f - activate You feel a surge of power!
You conjure some foxfire!
Harold closely misses you.
Unknown command.
Aiming: Breathe Dispelling Energy (4% risk of failure)
Press: ? - help, Shift-Dir - straight line, f - Harold
Aim: Harold, wielding a +0 flail, wearing a +0 chain mail and quivering 3 throwing nets (severely wounded, ally target, 78% to hit)
You breathe a bolt of dispelling energy.
The bolt of dispelling energy hits Harold.
Harold is severely wounded.
The foxfire hits Harold.
Harold is almost dead.
The foxfire hits Harold.
Harold is almost dead.
Harold hits you with a +0 flail.
* * * LOW HITPOINT WARNING * * *
You hit Harold but do no damage. You tail-slap Harold, but do no damage.
Harold is almost dead.
A howler monkey zombie comes into view.
Harold hits you with a +0 flail!!
You die...

.# #.# #. ##..##Z.
## #..#... .#
#....#. #.. ...
#@..##.' .###.#
#@...#.# .....#
#ยง.#...#####...#..
#...##'.....'##...
#.#.# #..#..# #...
#...###..#..###...
#).#...#...#...#..
#....#...........#
#[######.#########
#.######.#########


You could see Harold and a howler monkey zombie.

Vanquished Creatures
  Prince Ribbit (D:7)
  A shadow (D:7)
  Sigmund (D:5)
  Menkaure (D:5)
  2 water moccasins
  Duvessa (D:6)
  A necrophage (D:6)
  A sky beast (D:5)
  2 ice beasts (D:7)
  A gnoll sergeant (D:7)
  Blork the orc (D:6)
  2 bullfrogs
  2 scorpions (D:6)
  A wyvern skeleton (D:6)
  Dowan (D:6)
  A water moccasin skeleton (D:6)
  4 wights (D:7)
  A bullfrog zombie (D:5)
  A gnoll shaman (D:7)
  3 hounds (D:5)
  Terence (D:2)
  3 iguanas
  2 killer bee zombies (D:7)
  A hound skeleton (D:5)
  9 adders
  10 gnolls
  A shadow imp (D:7)
  A white imp (D:5)
  2 ufetubi
  2 adder skeletons
  4 worms
  A dart slug (D:4)
  6 orcs
  2 bats
  8 endoplasms
  13 goblins
  7 hobgoblins
  15 jackals
  3 quokkas
  7 ball pythons
  2 frilled lizards
  13 kobolds
  9 rats
  A butterfly (D:7)
152 creatures vanquished.

Vanquished Creatures (others)
  774 foxfires
774 creatures vanquished.

Grand Total: 926 creatures vanquished

Notes
Turn   | Place    | Note
-------+----------+-------------------------------------------
     0 | D:1      | pkoi the Draconian Fire Elementalist began the quest for
                  | the Orb.
     0 | D:1      | Reached XP level 1. HP: 14/14 MP: 3/3
   307 | D:1      | Reached XP level 2. HP: 14/20 MP: 3/5
  1254 | D:1      | Reached XP level 3. HP: 26/26 MP: 6/6
  1714 | D:2      | Reached XP level 4. HP: 22/33 MP: 5/8
  1845 | D:2      | Noticed Terence
  2016 | D:2      | Found a white marble altar of Elyvilon.
  2103 | D:2      | Killed Terence
  2441 | D:2      | Reached skill level 4 in Fire Magic
  3161 | D:2      | Reached XP level 5. HP: 38/38 MP: 4/9
  3985 | D:3      | Learned a level 2 spell: Scorch
  3989 | D:3      | Learned a level 3 spell: Conjure Flame
  3994 | D:3      | Learned a level 4 spell: Flame Wave
  4034 | D:3      | Found an iron altar of Okawaru.
  4043 | D:3      | Found a white marble altar of Elyvilon.
  5124 | D:4      | Found Ruyhukk's Assorted Antiques.
  5435 | D:4      | Found a basalt altar of Yredelemnul.
  5700 | D:4      | Reached XP level 6. HP: 45/45 MP: 8/11
  5918 | D:5      | Entered Level 5 of the Dungeon
  5918 | D:5      | Noticed a water moccasin
  5925 | D:5      | Killed a water moccasin
  5926 | D:5      | Reached skill level 1 in Fighting
  6193 | D:5      | Found a transporter.
  6196 | D:5      | Noticed BobtheApe's ghost (novice KoBr)
  6213 | D:5      | Noticed Sigmund
  6227 | D:5      | Killed Sigmund
  6228 | D:5      | Reached skill level 1 in Staves
  6228 | D:5      | Reached skill level 1 in Evocations
  6228 | D:5      | Your scales start taking on a rich purple colour.
  6228 | D:5      | Reached XP level 7. HP: 52/52 MP: 0/14
  6422 | D:5      | Found a transporter.
  6842 | D:5      | Noticed Menkaure
  6846 | D:5      | Killed Menkaure
  6847 | D:5      | Reached skill level 5 in Fire Magic
  7570 | D:6      | Reached XP level 8. HP: 62/62 MP: 9/15
  7704 | D:6      | Noticed Dowan
  7707 | D:6      | Noticed Duvessa
  7711 | D:6      | Killed Dowan
  7725 | D:6      | Killed Duvessa
  8218 | D:6      | Noticed Blork the orc
  8226 | D:6      | Killed Blork the orc
  8388 | D:6      | Found Canul's General Store.
  8755 | D:7      | Noticed Prince Ribbit
  8770 | D:7      | Killed Prince Ribbit
  8771 | D:7      | Reached skill level 5 in Conjurations
  8771 | D:7      | Reached skill level 6 in Fire Magic
  8918 | D:7      | HP: 1/66 [killer bee zombie (5)]
  8926 | D:7      | Reached XP level 9. HP: 54/71 MP: 3/16
  9296 | D:7      | Found Nionople's Antique Armour Shop.
 10155 | D:7      | Noticed Harold
 10173 | D:7      | Slain by Harold

Illustrated notes

Levels and vault maps discovered:
D:1:      dpeg_arrival_round_a, layout_basic, solitary_fountain,
          minmay_splitting_lines, st_stairs_13
D:2:      layout_basic, basic_altar, minmay_ruptured, uniq_terence
D:3:      corexii_shack_village, layout_basic, minitemple
D:4:      layout_basic, mainiacjoe_overflow_tiny_flanked, serial_shops, shop,
          grunt_decor_resistance
D:5:      layout_basic, gammafunk_ghost_mausoleum, uniq_menkaure, uniq_sigmund
D:6:      layout_basic, serial_shops, shop, uniq_blork_the_orc, uniq_duvessa
D:7:      layout_loops_cross, grunt_qazlal_sundering,
          minmay_temple_entry_butterflies, serial_shops, shop,
          minmay_fractal_squares_diagonal_5, uniq_prince_ribbit1, uniq_harold,
          uniq_maggie

Skill      XL: |  1  2  3  4  5  6  7  8  9 |
---------------+----------------------------+-----
Conjurations   | 2 3 4 5 |  5.6
Spellcasting   | 3 4 |  4.8
Fire Magic     | 4 5 6 |  6.4
Fighting       | 1 2 4 |  4.7
Dodging        | 2 3 4 |  4.4
Staves         | 1 2 3 4 |  4.3
Evocations     | 1 2 4 |  4.7
Stealth        | |  1.7

Action                   |  1- 3 |  4- 6 |  7- 9 || total
-------------------------+-------+-------+-------++-------
Melee: Mace              |    46 |       |       ||    46
       Tailslap          |     5 |     4 |     9 ||    18
       Short sword       |     2 |    52 |       ||    54
       Staff             |       |     3 |    57 ||    60
 Cast: Foxfire           |    39 |   199 |   195 ||   433
       Conjure Flame     |       |     1 |       ||     1
 Abil: Breathe Dispellin |       |       |     4 ||     4
  Use: Scroll            |       |     3 |     8 ||    11
       Potion            |       |       |     2 ||     2
 Stab: Sleeping          |     1 |       |       ||     1
Armor: Skin              |    28 |    18 |    52 ||    98
Dodge: Dodged            |    61 |    46 |   107 ||   214
